 Dungeon Crawl Stone Soup version 0.21-a0-341-g5efb6f4 (webtiles) character file.

5359 Spazmo the Thaumaturge (level 10, -6/52 HPs)
             Began as a Deep Elf Fire Elementalist on Oct 4, 2017.
             Was an Elder of Vehumet.
             Mangled by Joseph
             ... wielding a cursed +0 quarterstaff
              (19 damage)
             ... on level 8 of the Dungeon.
             The game lasted 00:33:50 (8703 turns).

Spazmo the Thaumaturge (Deep Elf Fire Elementalist) Turns: 8703, Time: 00:33:50

Health: -6/52      AC:  5    Str:  8    XL:     10   Next: 39%
Magic:  8/26       EV: 15    Int: 24    God:    Vehumet [****..]
Gold:   539        SH:  0    Dex: 15    Spells: 11/29 levels left

rFire    . . .     SeeInvis .   D - +6 rapier
rCold    . . .     Gourm    .   (no shield)
rNeg     . . .     Faith    .   j - +2 robe {Archmagi}
rPois    .         Spirit   .   (no helmet)
rElec    .         Reflect  .   (no cloak)
rCorr    .         Harm     .   (no gloves)
MR       +....                  v - +0 pair of boots
Stlth    +++.......             (no amulet)
HPRegen  0.17/turn              h - +3 ring of strength
MPRegen  0.20/turn              (no ring)

@: no status effects
A: no striking features
a: Renounce Religion


You were on level 8 of the Dungeon.
You worshipped Vehumet.
Vehumet was greatly pleased with you.
You were hungry.

You visited 2 branches of the dungeon, and saw 9 of its levels.
You also visited: Sewer.

You collected 539 gold pieces.

Inventory:

Hand Weapons
 D - a +6 rapier (weapon)
Missiles
 d - 438 stones (quivered)
Armour
 j - a +2 robe of the Archmagi (worn)
 v - a +0 pair of boots (worn)
Magical Staves
 w - an uncursed staff of poison
Jewellery
 h - a +3 ring of strength (left hand)
Wands
 m - a wand of paralysis (16/24)
 t - a wand of paralysis (17/24)
 y - a wand of polymorph (6/24)
Scrolls
 a - 3 scrolls of fear
 k - 3 scrolls of teleportation
 s - 3 scrolls of identify
 u - 2 scrolls of enchant weapon
Potions
 e - 4 potions of agility
 f - a potion of magic
 i - 5 potions of brilliance
 l - 3 potions of heal wounds
 o - 6 potions of curing
 p - a potion of resistance
 q - a potion of haste
 r - a potion of mutation
 x - 2 potions of flight
 A - a potion of invisibility {unknown}
 C - 4 potions of might
Books
 b - a book of Flames

   Spells                             Type                      Level
   a - Flame Tongue                   Conjuration/Fire             1
   b - Throw Flame                    Conjuration/Fire             2
   c - Conjure Flame                  Conjuration/Fire             3
   d - Inner Flame                    Hexes/Fire                   3
   e - Sticky Flame                   Conjuration/Fire             4
   f - Fireball                       Conjuration/Fire             5
 n - a book of Conjurations

   Spells                             Type                      Level
   a - Magic Dart                     Conjuration                  1
   b - Searing Ray                    Conjuration                  2
   c - Dazzling Spray                 Conjuration/Hexes            3
   d - Fulminant Prism                Conjuration/Hexes            4
   e - Force Lance                    Conjuration/Translocation    4
   f - Iskenderun's Mystic Blast      Conjuration                  4
Comestibles
 c - 5 bread rations
 g - 8 fruits
 B - a royal jelly


   Skills:
 + Level 1.6 Fighting
 + Level 4.9 Dodging
 - Level 4.0 Stealth
 - Level 10.0 Spellcasting
 - Level 9.0 Conjurations
 - Level 9.6 Fire Magic
 + Level 5.6 Earth Magic


You had 11 spell levels left.
You knew the following spells:

 Your Spells              Type           Power        Failure   Level  Hunger
a - Flame Tongue          Conj/Fire      #####        1%          1    None
b - Throw Flame           Conj/Fire      ######       1%          2    None
c - Conjure Flame         Conj/Fire      ######..     1%          3    None
d - Sticky Flame          Conj/Fire      ######..     1%          4    #......
e - Fireball              Conj/Fire      ######....   1%          5    ####...
f - Stone Arrow           Conj/Erth      ######       1%          3    None


Dungeon Overview and Level Annotations

Branches:
Dungeon (8/15)             Temple (1/1) D:4
   Lair: D:8-11

Altars:
Ashenzari
Elyvilon
Gozag
Hepliaklqana
Kikubaaqudgha
Nemelex Xobeh
Okawaru
Ru
Trog
Uskayaw
Vehumet
Xom
Yredelemnul
The Shining One

Shops:
D:7 ?

Annotations:
D:8 Joseph


Message History

Joseph is lightly wounded.
Joseph burns!
Joseph barely misses you.
Casting: Flame Tongue
Confirm with . or Enter, or press ? or * to list all spells.
Aiming: Flame Tongue
Press: ? - help, Shift-Dir - straight line, f/p - Joseph
Aim: Joseph, wielding a quarterstaff and wearing a leather armour (lightly wounded, covered in liquid flames)
You feel a surge of power!
The flame tongue hits Joseph.
Joseph is moderately wounded.
Joseph burns!
Joseph hits you with a quarterstaff!
* * * LOW HITPOINT WARNING * * *
Casting: Flame Tongue
Confirm with . or Enter, or press ? or * to list all spells.
Aiming: Flame Tongue
Press: ? - help, Shift-Dir - straight line, f/p - Joseph
Aim: Joseph, wielding a quarterstaff and wearing a leather armour (heavily wounded, covered in liquid flames)
You feel a surge of power!
The flame tongue hits Joseph.
Joseph is heavily wounded.
Joseph burns!
Joseph hits you with a quarterstaff!!
You die...

#..#)#...# ###
#.##.<##.....# ##
#.###.########+####..
#....................
##..##..#########..#
#..####[#######...)###
##.# #).##.....#...[#
#..#####.##.######....
# ##.##.@@.)...# ####.
..#.. #.###.^.### #.
...##.# ###...### #.
##..#<#######...######.
##...##.@............#
###..##........#####.#
<#.##....#.........#
#.#
)..)..).....########
#.. .....@####..# ###


You could see Joseph (burning).

Vanquished Creatures
  Grinder (D:3)
  Sigmund (D:2)
  The ghost of enarc13 the Digger, an amateur TrEE (D:3)
  Menkaure (D:5)
  Edmund (D:6)
  3 orc warriors
  2 black bears (D:6)
  An ice beast (D:7)
  A phantom (D:4)
  A necrophage (D:8)
  3 ogres
  2 centaurs (D:7)
  Blork the orc (D:5)
  6 bullfrogs
  7 big kobolds
  3 scorpions (D:7)
  9 killer bees
  9 wights
  A howler monkey (D:4)
  A bullfrog zombie (D:6)
  A crimson imp (D:7)
  A quasit (D:7)
  5 hounds
  A jelly (D:7)
  6 orc priests
  9 orc wizards
  Jessica (D:3)
  6 iguanas
  4 worker ants
  A hound zombie (D:5)
  A hound skeleton (D:5)
  14 gnolls
  11 adders
  11 river rats
  2 shadow imps
  4 oozes
  An adder skeleton (D:4)
  An adder zombie (D:5)
  2 worms
  6 leopard geckos
  44 orcs
  2 bat zombies (D:2)
  4 giant cockroaches
  6 goblins
  6 hobgoblins
  12 jackals
  6 quokkas
  4 ball pythons (Sewer)
  2 bats
  8 frilled lizards
  64 kobolds
  2 leopard gecko skeletons
  26 rats
329 creatures vanquished.

Notes
Turn   | Place    | Note
-------+----------+-------------------------------------------
     0 | D:1      | Spazmo the Deep Elf Fire Elementalist began the quest for the Orb.
     0 | D:1      | Reached XP level 1. HP: 10/10 MP: 6/6
   185 | D:1      | Reached XP level 2. HP: 6/15 MP: 6/8
   190 | D:1      | Learned a level 2 spell: Throw Flame
   659 | D:2      | Reached XP level 3. HP: 18/19 MP: 6/9
   664 | D:2      | Learned a level 3 spell: Conjure Flame
   699 | D:2      | Noticed Sigmund
   713 | D:2      | Killed Sigmund
   713 | D:2      | Reached skill level 4 in Spellcasting
   713 | D:2      | Reached XP level 4. HP: 18/24 MP: 0/12
   713 | D:2      | Reached XP level 5. HP: 21/28 MP: 0/13
   914 | D:2      | Found an ancient bone altar of Kikubaaqudgha.
  1224 | D:2      | Found a basalt altar of Yredelemnul.
  1272 | D:2      | Reached XP level 6. HP: 23/32 MP: 9/15
  1276 | D:2      | Found an iron altar of Okawaru.
  1348 | D:2      | Learned a level 4 spell: Sticky Flame
  1380 | D:2      | Found a hide-covered altar of Uskayaw.
  1810 | D:3      | Noticed Grinder
  1818 | D:3      | Killed Grinder
  1818 | D:3      | Reached skill level 5 in Spellcasting
  1818 | D:3      | Reached skill level 5 in Fire Magic
  1890 | D:3      | Reached XP level 7. HP: 36/36 MP: 14/17
  1897 | D:3      | Learned a level 5 spell: Fireball
  2004 | D:3      | Reached skill level 6 in Spellcasting
  2391 | D:3      | Noticed enarc13's ghost (amateur TrEE)
  2486 | D:3      | Killed enarc13's ghost
  2486 | D:3      | Reached skill level 5 in Conjurations
  2704 | D:3      | Found a shimmering altar of Xom.
  2722 | D:3      | Noticed Jessica
  2725 | D:3      | Killed Jessica
  2774 | D:3      | Found a shattered altar of Ashenzari.
  2989 | D:3      | Reached skill level 7 in Spellcasting
  2989 | D:3      | Reached XP level 8. HP: 32/41 MP: 6/20
  3925 | D:4      | Reached skill level 8 in Spellcasting
  3956 | D:4      | Found a sacrificial altar of Ru.
  4158 | D:4      | Found a staircase to the Ecumenical Temple.
  4176 | Temple   | Entered the Ecumenical Temple
  4203 | Temple   | Became a worshipper of Vehumet
  4698 | D:5      | Entered Level 5 of the Dungeon
  4740 | D:5      | Noticed Blork the orc
  4744 | D:5      | Killed Blork the orc
  5250 | D:5      | Found a hazy altar of Hepliaklqana.
  5305 | D:5      | Noticed Menkaure
  5307 | D:5      | Killed Menkaure
  5307 | D:5      | Reached skill level 9 in Spellcasting
  5307 | D:5      | Reached XP level 9. HP: 45/45 MP: 17/24
  5654 | D:6      | Reached * piety under Vehumet
  5654 | D:6      | Offered knowledge of Sandblast by Vehumet.
  5743 | D:6      | HP: 2/45 [orc warrior/halberd (17)]
  5858 | D:6      | Found a bloodstained altar of Trog.
  5922 | D:6      | Noticed Edmund
  5933 | D:6      | Killed Edmund
  6106 | D:6      | Reached ** piety under Vehumet
  6114 | D:6      | Offered knowledge of Throw Frost by Vehumet.
  6123 | D:6      | Reached skill level 10 in Spellcasting
  6189 | D:6      | Found a glowing drain.
  6196 | Sewer    | Entered a sewer
  6409 | Sewer    | Offered knowledge of Mephitic Cloud by Vehumet.
  6504 | Sewer    | Reached *** piety under Vehumet
  6823 | D:6      | Found a bloodstained altar of Trog.
  7136 | D:7      | Offered knowledge of Stone Arrow by Vehumet.
  7145 | D:6      | Learned a level 3 spell: Stone Arrow
  7360 | D:7      | Reached skill level 1 in Earth Magic
  7416 | D:7      | Reached XP level 10. HP: 44/50 MP: 9/26
  7899 | D:7      | Found Awiehoe's Magic Scroll Emporium.
  8202 | D:8      | Reached **** piety under Vehumet
  8265 | D:8      | Reached skill level 5 in Earth Magic
  8298 | D:8      | Offered knowledge of Lee's Rapid Deconstruction by Vehumet.
  8567 | D:8      | Reached skill level 1 in Fighting
  8677 | D:8      | Noticed Joseph
  8703 | D:8      | Mangled by Joseph

Vault maps used:
D:1:      onia_arrival_mini_spirals, minmay_misc_feat_hallway
D:2:      okawaru_altar_gauntlet_db, lemuel_doored_altar,
          lemuel_zombie_altar_kikubaaqudgha, overflow_temple_1_default,
          first_bread, uniq_sigmund
D:3:      minmay_goblin_kobold_castle, ashenzari_conservatory_becter,
          xom_teletrap_fun, uniq_grinder, uniq_jessica
D:4:      nicolae_ru_path_of_blood, temple_fountains
D:5:      kennysheep_mini_moat, uniq_blork_the_orc, uniq_menkaure
D:6:      lemuel_crystal_altar, lightli_sewer_entry_pipes, trog_ov_bears_minmay,
          uniq_edmund
D:7:      serial_shops, shop_fountains
D:8:      nicolae_qazlal_eye_of_the_storm, zin_academy, the_bakery, uniq_pikel,
          uniq_joseph
Temple:   nicolae_temple_hex_pool
Sewer:    sewer_minmay_treatment

Skill      XL: |  1  2  3  4  5  6  7  8  9 10 |
---------------+-------------------------------+-----
Stealth        | 3 4 |  4.0
Dodging        | 3 4 |  4.9
Spellcasting   | 4 5 7 9 10 | 10.0
Conjurations   | 2 3 4 5 7 9 |  9.0
Fire Magic     | 4 5 6 7 9 |  9.6
Earth Magic    | 2 5 |  5.6
Fighting       | 1 |  1.6

Action                   |  1- 3 |  4- 6 |  7- 9 | 10-12 || total
-------------------------+-------+-------+-------+-------++-------
Melee: Dagger            |       |    12 |       |       ||    12
       Mace              |       |       |     8 |       ||     8
       Rapier            |       |       |     2 |     5 ||     7
Throw: Stone             |       |       |     1 |       ||     1
 Cast: Flame Tongue      |    33 |    48 |   387 |   116 ||   584
       Throw Flame       |       |     1 |    29 |     8 ||    38
       Sticky Flame      |       |     1 |    25 |    13 ||    39
       Fireball          |       |       |     9 |     1 ||    10
       Conjure Flame     |       |       |     1 |     2 ||     3
       Stone Arrow       |       |       |       |     2 ||     2
  Use: Scroll            |     3 |     1 |     8 |     1 ||    13
       Potion            |     2 |     1 |     8 |       ||    11
 Stab: Sleeping          |       |     2 |     3 |     1 ||     6
  Eat: Chunk             |       |     3 |    19 |     3 ||    25
       Fruit             |       |       |     1 |       ||     1
Armor: Robe              |     1 |     5 |    28 |    10 ||    44
Dodge: Dodged            |     7 |    26 |   136 |    41 ||   210

Table legend:
 A = Spawn XP
 B = Non-spawn XP
 C = Spawn XP percentage of total XP
 D = Spawn monster count
 E = Non-spawn monster count
 F = Spawn count percentage of total count
 G = Total turns spent on level
                    A         B        C        D         E        F      G
               +---------+---------+-------+---------+---------+-------+---------
         Total |       0 |    7656 |   0.0 |       0 |     329 |   0.0 |  8703
               +---------+---------+-------+---------+---------+-------+---------
           D:1 |       0 |      27 |   0.0 |       0 |      13 |   0.0 |   599
           D:2 |       0 |     414 |   0.0 |       0 |      30 |   0.0 |  1185
           D:3 |       0 |    1444 |   0.0 |       0 |      90 |   0.0 |  1998
           D:4 |       0 |     462 |   0.0 |       0 |      27 |   0.0 |   867
           D:5 |       0 |     627 |   0.0 |       0 |      18 |   0.0 |   927
           D:6 |       0 |    1704 |   0.0 |       0 |      48 |   0.0 |  1174
           D:7 |       0 |    1467 |   0.0 |       0 |      26 |   0.0 |   968
           D:8 |       0 |    1230 |   0.0 |       0 |      29 |   0.0 |   391
         Sewer |       0 |     281 |   0.0 |       0 |      48 |   0.0 |   545
               +---------+---------+-------+---------+---------+-------+---------
